 Dungeon Crawl Stone Soup version 0.17.1-3-g152610e (webtiles) character file.

419 Urist the Charmwright (level 6, -1/42 HPs)
             Began as a High Elf Skald on Apr 7, 2016.
             Succumbed to a water moccasin's poison
             ... on level 5 of the Dungeon.
             The game lasted 00:18:35 (5549 turns).

Urist the Charmwright (High Elf Skald)              Turns: 5549, Time: 00:18:35

Health: -1/42      AC:  4    Str: 13      XL:     6   Next: 62%
Magic:  11/11      EV: 12    Int: 15 (16) God:
Gold:   281        SH:  0    Dex: 13 (17) Spells: 4 memorised, 5 levels left

rFire  . . .     SeeInvis .     a - +0 short sword
rCold  . . .     Clarity  .     b - +1 leather armour
rNeg   . . .     SustAt   .     (no shield)
rPois  .         Gourm    .     (no helmet)
rElec  .         Spirit   .     (no cloak)
rCorr  .         Warding  .     e - +0 pair of gloves
rMut   .         Stasis   .     o - -2 pair of boots
MR     .....                    (no amulet)
Stlth  ++........               (no ring)
                                g - +3 ring of slaying

@: lethally poisoned (-1 -> -20), exhausted, infused (expiring), slowed, very
slow, not resistant to hostile enchantments, unstealthy
A: agile 1, deterioration 1, low mp 1
a: no special abilities


You were on level 5 of the Dungeon.
You were not hungry.

You visited 1 branch of the dungeon, and saw 5 of its levels.

You collected 281 gold pieces.

Inventory:

Hand Weapons
 a - a +0 short sword (weapon)
Armour
 b - a +1 leather armour (worn)
 e - a +0 pair of gloves (worn)
 o - a -2 pair of boots (worn)
Magical Staves
 j - an uncursed staff of summoning
Jewellery
 g - a +3 ring of slaying (left hand)
 h - a cursed -2 ring of protection {unknown}
Scrolls
 f - a scroll of remove curse
 i - 4 scrolls of teleportation
 k - a scroll of fog
 m - a scroll of magic mapping
Potions
 l - 2 potions of brilliance
 n - a potion of might
 p - a potion of berserk rage
Books
 c - a book of Battle

   Spells                             Type                      Level
   a - Infusion                       Charms                       1
   b - Shroud of Golubria             Charms/Translocation         2
   c - Song of Slaying                Charms                       2
   d - Spectral Weapon                Hexes/Charms                 3
   e - Regeneration                   Charms/Necromancy            3
Comestibles
 d - 6 bread rations


   Skills:
 + Level 3.0 Fighting
 + Level 3.5 Short Blades
 + Level 2.1 Armour
 + Level 3.1 Dodging
 + Level 1.9 Stealth
 + Level 4.0 Spellcasting
 + Level 4.8 Charms
 + Level 1.6 Translocations


You had 5 spell levels left.
You knew the following spells:

 Your Spells              Type           Power        Failure   Level  Hunger
a - Infusion              Chrm           ###...       3%          1    None
b - Shroud of Golubria    Chrm/Tloc      ##........   12%         2    ##.....
c - Spectral Weapon       Hex/Chrm       ##......     30%         3    ###....
d - Song of Slaying       Chrm           ###.....     6%          2    ##.....


Dungeon Overview and Level Annotations

Branches:
Dungeon (5/15)
 Temple: D:4-7

Altars:
Ashenzari
Dithmenos
Fedhas
Ru


Innate Abilities, Weirdness & Mutations

You are agile. (Dex +2)
Your body sometimes deteriorates upon taking damage.
Your magical capacity is low (-10% MP).


Message History

You are more poisoned.
The water moccasin poisons you!
Your magical infusion is running out.
You feel very sick. The water moccasin barely misses you.
* * * LOW HITPOINT WARNING * * *
You feel very sick. The water moccasin bites you!
* * * LOW HITPOINT WARNING * * *
Drink which item? (? for menu, Esc to quit)
Okay, then.
You barely miss the water moccasin.
Your surroundings suddenly seem different.
* * * LOW HITPOINT WARNING * * *
You feel very sick.
Drink which item? (? for menu, Esc to quit)
Okay, then.
Read which item? (? for menu, Esc to quit)
Okay, then.
You die...

#).#.##.######.#.####.
#..#.##...............
#..............#......
#.)#.#...........#####
#.##.#..#####..#......
######(##...>..........####
.........(........#..##.#
.######.###.......#..# .#
##.###@......#..##.####
#............# .......
#####........#.###..### #.
#............... #.
##......#####... #.
#......# #. #......# . #.
#......# # #. #.##...# .


There were no monsters in sight!

Vanquished Creatures
  A necrophage (D:5)
  A centaur (D:5)
  A centaur zombie (D:4)
  2 centaur skeletons
  5 adders
  2 oozes
  An adder skeleton (D:5)
  3 worms
  4 giant geckos
  5 orcs
  3 ball pythons (D:1)
  9 bats
  9 giant cockroaches
  8 goblins
  5 hobgoblins
  11 jackals
  3 giant newts
  8 kobolds
  4 quokkas
  A quokka skeleton (D:4)
  A quokka zombie (D:5)
  9 rats
96 creatures vanquished.

Notes
Turn   | Place    | Note
--------------------------------------------------------------
     0 | D:1      | Urist the High Elf Skald began the quest for the Orb.
     0 | D:1      | Reached XP level 1. HP: 14/14 MP: 4/4
   350 | D:1      | Reached skill level 1 in Armour
   372 | D:1      | Reached skill level 4 in Charms
   453 | D:1      | Reached XP level 2. HP: 19/19 MP: 2/6
   457 | D:1      | Learned a level 2 spell: Shroud of Golubria
   976 | D:2      | Found a blossoming altar of Fedhas.
  1021 | D:2      | Reached XP level 3. HP: 10/24 MP: 0/8
  1025 | D:2      | Found a sacrificial altar of Ru.
  1677 | D:2      | Learned a level 3 spell: Spectral Weapon
  2539 | D:3      | Gained mutation: Your magical capacity is low (-10% MP). [potion of mutation]
  2539 | D:3      | Gained mutation: Your body sometimes deteriorates upon taking damage. [potion of mutation]
  2539 | D:3      | Gained mutation: You are agile. (Dex +2) [potion of mutation]
  2655 | D:3      | Reached XP level 4. HP: 29/29 MP: 1/8
  2671 | D:3      | Learned a level 2 spell: Song of Slaying
  3840 | D:3      | Found a shadowy altar of Dithmenos.
  3847 | D:3      | Found a shattered altar of Ashenzari.
  3886 | D:4      | Reached XP level 5. HP: 16/35 MP: 0/9
  4134 | D:4      | Found a shattered altar of Ashenzari.
  4451 | D:4      | Reached skill level 1 in Stealth
  4722 | D:4      | Reached skill level 1 in Translocations
  4927 | D:5      | Entered Level 5 of the Dungeon
  4939 | D:5      | Noticed a necrophage
  4951 | D:5      | Killed a necrophage
  4951 | D:5      | Reached XP level 6. HP: 17/42 MP: 0/11
  5216 | D:5      | Noticed a centaur
  5235 | D:5      | Killed a centaur
  5530 | D:5      | Noticed a water moccasin
  5548 | D:5      | HP: 1/42 [poisoned by a water moccasin]
  5549 | D:5      | Succumbed to a water moccasin's poison

Action                   |  1- 3 |  4- 6 || total
-------------------------+-------+-------++-------
Melee: Short sword       |   170 |   199 ||   369
 Cast: Infusion          |    23 |    22 ||    45
       Shroud of Golubri |    10 |    13 ||    23
       Spectral Weapon   |     2 |     1 ||     3
       Song of Slaying   |       |     7 ||     7
  Use: Potion            |     8 |     4 ||    12
       Scroll            |     5 |    10 ||    15
 Stab: Sleeping          |     2 |     1 ||     3
  Eat: Chunk             |     3 |     3 ||     6
       Meat ration       |     1 |     1 ||     2
       Pizza             |       |     2 ||     2
